[ AOE2 MATCH · #493741044 ]
UnrankedHindustanis vs Malay
Player's team · LOSS
Rival team · WIN
[ REPLAY ANALYSIS · EXTRACTED FROM THE RECORDED GAME ]
Feudal
—
Castle
—
Imperial
—
| APM avg | 87.2 |
| APM peak | 108 |
| eAPM avg | 19.9 |
| Villagers / military | 24 / 2 |
Focus
⚔️ 29.6% · 🌾 70.4%
Militia ×2
Feudal
—
Castle
—
Imperial
—
| APM avg | 69.1 |
| APM peak | 101 |
| eAPM avg | 16.9 |
| Villagers / military | 20 / 0 |
Focus
⚔️ 22.8% · 🌾 77.2%
Match map
Initial resources + every placement click. Lines = walls · curves = elevation contours. ◆ gold · ⬟ stone · ● berries · ✦ relic · ◌ wall gap
Your base
Gabi's base
Smoothed initial terrain · ◌ = detected wall gap · hover for details
Inputs per minute
— mordicchiotto - - Gabi
Build order — mordicchiotto
40 actions detected in the replay
| 0:02 | Create | Villager (Male) |
| 0:03 | Create | Villager (Male) |
| 0:04 | Build | House |
| 0:04 | Build | House |
| 0:12 | Create | Villager (Male) |
| 0:12 | Create | Villager (Male) |
| 0:12 | Create | Villager (Male) |
| 1:03 | Create | Villager (Male) |
| 1:35 | Create | Villager (Male) |
| 1:46 | Build | Lumber Camp |
| 2:02 | Create | Villager (Male) |
| 2:02 | Create | Villager (Male) |
| 2:36 | Create | Villager (Male) |
| 2:36 | Create | Villager (Male) |
| 3:05 | Create | Villager (Male) |
| 3:08 | Create | Villager (Male) |
| 3:09 | Create | Villager (Male) |
| 3:27 | Create | Villager (Male) |
| 3:53 | Build | House |
| 4:02 | Create | Villager (Male) |
| 4:28 | Create | Villager (Male) |
| 4:28 | Create | Villager (Male) |
| 4:34 | Create | Villager (Male) |
| 4:34 | Create | Villager (Male) |
| 4:39 | Build | Barracks |
| 4:56 | Build | House |
| 5:09 | Build | House |
| 5:11 | Build | Palisade Wall |
| 5:12 | Build | Palisade Wall |
| 5:33 | Build | House |
| 5:33 | Create | Militia |
| 5:33 | Create | Militia |
| 5:46 | Build | Palisade Wall |
| 5:55 | Create | Villager (Male) |
| 5:55 | Create | Villager (Male) |
| 6:23 | Create | Villager (Male) |
| 6:49 | Build | Mill |
| 6:58 | Create | Villager (Male) |
| 7:35 | Research | Loom |
| 7:47 | Research | Feudal Age |
Build order — Gabi
34 actions detected in the replay
| 0:01 | Create | Villager (Male) |
| 0:01 | Create | Villager (Male) |
| 0:01 | Create | Villager (Male) |
| 0:02 | Build | House |
| 0:03 | Build | House |
| 0:28 | Create | Villager (Male) |
| 1:31 | Create | Villager (Male) |
| 1:52 | Build | Lumber Camp |
| 1:58 | Create | Villager (Male) |
| 2:18 | Create | Villager (Male) |
| 2:45 | Create | Villager (Male) |
| 3:14 | Create | Villager (Male) |
| 3:23 | Build | House |
| 3:42 | Create | Villager (Male) |
| 3:42 | Create | Villager (Male) |
| 3:48 | Build | House |
| 4:04 | Create | Villager (Male) |
| 4:04 | Create | Villager (Male) |
| 4:30 | Create | Villager (Male) |
| 4:44 | Build | Mill |
| 5:01 | Create | Villager (Male) |
| 5:37 | Create | Villager (Male) |
| 6:08 | Create | Villager (Male) |
| 6:17 | Build | Palisade Wall |
| 6:17 | Build | Palisade Wall |
| 6:33 | Create | Villager (Male) |
| 6:47 | Build | Palisade Wall |
| 7:02 | Create | Villager (Male) |
| 7:13 | Build | Lumber Camp |
| 7:21 | Create | Villager (Male) |
| 7:32 | Build | Palisade Wall |
| 7:42 | Build | Palisade Wall |
| 7:43 | Research | Feudal Age |
| 7:52 | Build | Palisade Wall |
Match timeline
| 4:39 | mordicchiotto · first_building Barracks |
| 5:11 | mordicchiotto · wall_segment Palisade Wall x1 |
| 5:12 | mordicchiotto · wall_segment Palisade Wall x1 |
| 5:46 | mordicchiotto · wall_segment Palisade Wall x5 |
| 6:17 | Gabi · wall_segment Palisade Wall x1 |
| 6:17 | Gabi · wall_segment Palisade Wall x1 |
| 6:47 | Gabi · wall_segment Palisade Wall x4 |
| 7:32 | Gabi · wall_segment Palisade Wall x6 |
| 7:42 | Gabi · wall_segment Palisade Wall x5 |
| 7:52 | Gabi · wall_segment Palisade Wall x1 |
| 8:07 | mordicchiotto · resign |
[ AI ANALYSIS · 1 CREDIT ]
What really happened in this match?
Wolo.gg analyzes every decision: build order, eco, micro, common mistakes by bracket. Personalized analysis on WhatsApp or Discord in 30 seconds.
Civ guide
Hindustanis
Perfil
Jugador #2532568